AoeStats
← 4k1m

Pilgrims

509890288Analyzed
4v4 RM · 4d ago on Sep 28, 2026· 29m 11s· 8 players
Game mode
Random Map
Map size
Large (8 player)
Population
200
Speed
Normal
Resources
Standard
Victory
Conquest
Starting age
Dark Age
Ending age
Imperial Age
RankedLock teamsTeams togetherTeam positionsShared explorationLock speedFull tech treeHidden civsTurbo modeCheats
Victory
Defeat
🇩🇪 Dravidians · Germany
1508
+13
🇩🇪 Wu · Germany
1454
+15
🇩🇪 Saxons · Germany
1432
+15
🇩🇪 Varangians · Germany
1422
+16
🇦🇷 Tatars · Argentina
1436
-15
🇬🇧 Armenians · United Kingdom
1432
-15
🇨🇦 Burmese · Canada
1424
-15
🇻🇳 Burgundians · Vietnam
1413
-14
TheWolf
3:00 Loom
12:38 Feudal Age
16:29 Castle Age
17:25 Horse Collar
19:00 Redemption
21:57 Wheelbarrow
28:11 Fervor
elchinaleikazo
3:24 Loom
9:52 Feudal Age
12:17 Double-Bit Axe
13:20 Town Watch
22:00 Castle Age
23:42 Wheelbarrow
milopokerboy
4:06 Loom
11:26 Feudal Age
12:13 Town Watch
14:15 Fletching
16:38 Double-Bit Axe
16:45 Gold Mining
28:20 Castle Age
kkkkk1231231
3:33 Double-Bit Axe
10:17 Loom
10:28 Fishing Lines
12:48 Feudal Age
13:11 Gold Mining
13:48 Bow Saw
13:29 Gillnets
18:01 Castle Age
16:46 Gold Shaft Mining
16:01 Stone Mining
18:55 Stone Shaft Mining
18:55 Medium Warships
19:03 Fletching
19:57 Wheelbarrow
19:53 Bodkin Arrow
21:13 Hand Cart
21:40 Treadmill Crane
22:45 Husbandry
22:55 Scale Barding Armor
23:01 Forging
23:01 Town Watch
25:05 Iron Casting
4k1m
9:16 Loom
11:10 Feudal Age
15:46 Castle Age
14:00 Fletching
21:33 Bodkin Arrow
29:05 Double-Bit Axe
29:43 Forging
Chili
4:00 Loom
10:05 Feudal Age
13:56 Castle Age
11:52 Double-Bit Axe
11:48 Horse Collar
12:56 Gold Mining
16:27 Scale Mail Armor
17:36 Chain Mail Armor
17:39 Arson
18:04 Gambesons
19:06 Forging
23:05 Bow Saw
23:18 Squires
25:58 Wheelbarrow
28:44 Iron Casting
Vicky R
4:35 Loom
11:39 Feudal Age
15:52 Castle Age
14:05 Double-Bit Axe
14:26 Horse Collar
15:16 Fletching
16:33 Bodkin Arrow
16:56 Medium Warships
21:27 Ballistics
22:13 Guard Tower
22:45 Fishing Lines
24:59 Bow Saw
25:25 Murder Holes
26:54 Gillnets
28:10 Heavy Plow
MyNameIsLassen
10:02 Loom
13:32 Feudal Age
17:06 Castle Age
15:36 Double-Bit Axe
16:32 Forging
18:25 Medium Warships
19:06 Fishing Lines
20:15 Iron Casting
19:57 Bow Saw
20:05 Gold Mining
23:15 Wheelbarrow
22:25 Town Watch
23:33 Gillnets
25:47 Town Watch
26:02 Horse Collar
27:36 Hand Cart
27:25 Horse Collar
31:57 Imperial Age
Connection lost

Rejoining the realm…

Still unreachable

The connection could not be restored.

Session expired

The server has moved on; the page needs a fresh start.